 Dungeon Crawl Stone Soup version 0.24-a0-736-g4e6fe308c7 (webtiles) character file.

Game seed: 7037016253951141638, levelgen mode: deterministic

3254 Kohma the Destroyer (level 9, -7/79 HPs)
             Began as a Red Draconian Conjurer on Oct 2, 2019.
             Was a Priest of Vehumet.
             Mangled by an orc warrior
             ... wielding a +0 glaive
              (29 damage)
             ... on level 7 of the Dungeon.
             The game lasted 00:31:40 (9167 turns).

Kohma the Destroyer (Red Draconian Conjurer)        Turns: 9167, Time: 00:31:41

Health: -7/79      AC:  9    Str: 11    XL:     9   Next: 67%
Magic:  9/18       EV: 12    Int: 19    God:    Vehumet [***...]
Gold:   410        SH:  0    Dex: 11    Spells: 9/21 levels left

rFire    + . .     SeeInvis .   G - +1 shortbow (flame)
rCold    . . .     Gourm    .   (shield currently unavailable)
rNeg     . . .     Faith    .   (armour unavailable)
rPois    .         Spirit   .   (helmet restricted)
rElec    .         Reflect  .   (no cloak)
rCorr    .         Harm     .   (no gloves)
MR       .....                  q - +1 pair of boots
Stlth    ++........             (no amulet)
HPRegen  0.23/turn              (no ring)
MPRegen  0.16/turn              (no ring)

@: no status effects
A: breathe fire, unfitting armour, fire resistance 1, cold-blooded, AC +7
a: Breathe Fire, Renounce Religion


You were on level 7 of the Dungeon.
You worshipped Vehumet.
Vehumet was most pleased with you.
You were not hungry.

You visited 1 branch of the dungeon, and saw 7 of its levels.
You also visited: Sewer.

You collected 485 gold pieces.
You spent 75 gold pieces at shops.

Inventory:

Hand Weapons
 b - a +0 hunting sling
 c - a +2 whip of electrocution
 G - a +1 shortbow of flaming (weapon)
Missiles
 f - 90 arrows (quivered)
 h - 244 stones
 p - 37 sling bullets
 w - 9 poisoned darts
 y - 2 throwing nets
Armour
 q - a +1 pair of boots (worn)
Magical Staves
 C - an uncursed staff of poison {unknown}
Jewellery
 k - an uncursed ring of poison resistance {unknown}
 s - an uncursed ring of ice
 t - an uncursed ring of fire
Wands
 v - a wand of digging (4)
 F - a wand of flame (8)
Scrolls
 g - 10 scrolls of teleportation
 j - a scroll of fear
 l - 3 scrolls of remove curse
 r - a scroll of magic mapping
 z - 3 scrolls of enchant armour
Potions
 e - 5 potions of curing
 i - 2 potions of heal wounds
 m - 5 potions of haste
 o - 2 potions of lignification
 x - 2 potions of might
 B - a potion of mutation {unknown}
 D - 2 potions of invisibility {unknown}
Comestibles
 d - 14 rations
 A - a chunk of flesh


   Skills:
 + Level 7.4 Fighting
 + Level 2.2 Dodging
 - Level 1.7 Stealth
 + Level 6.6 Spellcasting
 - Level 10.0 Conjurations
 - Level 2.0 Ice Magic


You had 9 spell levels left.
You knew the following spells:

 Your Spells              Type           Power        Failure   Level  Hunger
a - Magic Dart            Conj           ####         1%          1    None
b - Searing Ray           Conj           #####.       1%          2    None
c - Iskenderun's Mystic   Conj           #####...     1%          4    ####...
d - Freeze                Ice            ##..         1%          1    None
e - Fulminant Prism       Conj/Hex       ####......   4%          4    ####...

Your spell library contained the following spells:

 Spells                   Type           Power        Failure   Level  Hunger
 Inner Flame              Hex/Fire       #.......     9%          3    ##.....
 Dazzling Spray           Conj/Hex       ####..       1%          3    ##.....
 Force Lance              Conj/Tloc      ####....     4%          4    ####...
 Beastly Appendage        Tmut           #.....       11%         1    None
 Sticks to Snakes         Tmut           #.......     16%         2    None
 Spider Form              Tmut/Pois      #.........   32%         3    ##.....
 Ice Form                 Ice/Tmut       ##......     56%         4    ####...
 Blade Hands              Tmut           #.........   96%         5    #####..


Dungeon Overview and Level Annotations

Branches:
Dungeon (7/15)             Temple (0/1) D:4           Sewer (visited)

Altars:
Ashenzari
Elyvilon
Fedhas
Sif Muna
Uskayaw
Vehumet

Shops:
D:5 !


Innate Abilities, Weirdness & Mutations

You can breathe blasts of fire.
Your fiery red scales are hard. (AC +7)
You cannot fit into any form of body armour.
Your flesh is heat resistant. (rF+)
You are cold-blooded and may be slowed by cold attacks.


Message History

The searing ray hits the orc warrior!
The orc warrior is almost dead.
You finish channeling your searing ray.
The adder completely misses you.
The orc warrior hits you from afar with a +0 glaive!
* * * LOW HITPOINT WARNING * * *
An orc comes into view.
Casting: Searing Ray (safe; 1% risk of failure)
Confirm with . or Enter, or press ? or * to list all spells.
Aiming: Magic Dart (safe; 1% risk of failure)
Press: ? - help, Shift-Dir - straight line, f/p - orc warrior
Aim: an orc warrior, wielding a +0 glaive and wearing a +0 plate armour (almost dead)
The magic dart hits the orc warrior but does no damage.
The orc warrior is almost dead.
The orc shouts!
The adder bites you.
* * * LOW HITPOINT WARNING * * *
The adder bites you but does no damage. The adder misses you.
The orc warrior hits you from afar with a +0 glaive!!
You die...

..o...
#...(........+
o.....
#...o........#
######### o..../
#.....((..#..
........# l.....
#.........#
#######.### ......
#.........#
#<.........
#.........#
#..####.###
#........o# #..# #.#
#........S#.# #..#
#.# #........@#.#
#..# #.#
#.....#'#รท#.# #..#
#.# #.#####.#.#.#
#..# #.# #.
#.#.#.####..# #.# #
#.#.........#
#.#.#......#####.
#)...............
###.#.##############
#.#...............


You could see an orc warrior, an adder and an orc.

Vanquished Creatures
  Pikel (D:3)
  Grinder (D:6)
  A hippogriff (D:6)
  Eustachio (D:5)
  Menkaure (D:4)
  A sky beast (D:6)
  2 ice beasts (D:5)
  A black bear (D:6)
  A phantom (D:4)
  3 slaves (D:3)
  2 ogres
  2 centaurs (D:7)
  2 big kobolds (Sewer)
  A bullfrog (D:6)
  A scorpion (D:4)
  3 crimson imps
  2 howler monkeys
  2 hounds
  3 orc priests
  A centaur zombie (D:6)
  A quasit (D:5)
  A bullfrog skeleton (D:5)
  3 centaur skeletons
  5 iguanas
  2 orc wizards
  2 worker ants
  3 gnolls (D:5)
  7 river rats
  14 adders
  A howler monkey skeleton (D:5)
  A shadow imp (D:5)
  7 oozes
  2 dart slugs
  6 worms
  4 leopard geckos
  10 orcs
  5 ball pythons
  7 bats
  3 giant cockroaches
  10 goblins
  11 hobgoblins
  12 jackals
  14 kobolds
  A quokka (D:7)
  A ball python skeleton (D:5)
  5 frilled lizards
  17 rats
187 creatures vanquished.

Vanquished Creatures (others)
  An orc wizard (D:5)
  3 fulminant prisms
4 creatures vanquished.

Grand Total: 191 creatures vanquished

Notes
Turn   | Place    | Note
-------+----------+-------------------------------------------
     0 | D:1      | Kohma the Draconian Conjurer began the quest for the Orb.
     0 | D:1      | Reached XP level 1. HP: 14/14 MP: 3/3
   345 | D:1      | Reached XP level 2. HP: 22/22 MP: 3/5
   349 | D:1      | Learned a level 2 spell: Searing Ray
   589 | D:1      | Reached skill level 1 in Fighting
   787 | D:1      | You fall into a shaft and drop 1 floor!
   910 | D:2      | Reached XP level 3. HP: 28/28 MP: 1/6
   962 | D:2      | Found a radiant altar of Vehumet.
   973 | D:2      | Became a worshipper of Vehumet
  1652 | D:2      | Found a shimmering blue altar of Sif Muna.
  1957 | D:3      | Reached XP level 4. HP: 35/36 MP: 2/7
  2026 | D:3      | Learned a level 4 spell: Iskenderun's Mystic Blast
  2065 | D:3      | Reached skill level 5 in Conjurations
  2210 | D:3      | Reached * piety under Vehumet
  2210 | D:3      | Offered knowledge of Freeze by Vehumet.
  2272 | D:3      | Learned a level 1 spell: Freeze
  3075 | D:4      | Noticed Pikel
  3075 | D:4      | Noticed a slave
  3075 | D:4      | Noticed a slave
  3075 | D:4      | Noticed a slave
  3075 | D:4      | Noticed a slave
  3075 | D:4      | Noticed an ogre
  3113 | D:3      | Killed a slave
  3203 | D:3      | Killed an ogre
  3203 | D:3      | Reached skill level 1 in Ice Magic
  3203 | D:3      | Reached XP level 5. HP: 18/42 MP: 4/9
  3403 | D:3      | Killed a slave
  3643 | D:4      | Noticed a phantom
  3757 | D:4      | Killed a phantom
  3757 | D:4      | Reached XP level 6. HP: 40/50 MP: 7/10
  3996 | D:3      | Killed a slave
  4128 | D:3      | Killed Pikel
  4128 | D:3      | Reached skill level 7 in Conjurations
  4128 | D:3      | Your scales start taking on a fiery red colour.
  4128 | D:3      | Reached XP level 7. HP: 40/59 MP: 2/13
  4128 | D:3      | Gained mutation: Your flesh is heat resistant. (rF+) [Red
                  | Draconian growth]
  4295 | D:4      | Found a shattered altar of Ashenzari.
  4340 | D:4      | Noticed Menkaure
  4671 | D:4      | Killed Menkaure
  4871 | D:4      | Found a staircase to the Ecumenical Temple.
  5131 | D:5      | Entered Level 5 of the Dungeon
  5195 | D:5      | Reached XP level 8. HP: 46/67 MP: 4/14
  5302 | D:5      | Found a glowing drain.
  5323 | Sewer    | Entered a sewer
  6023 | Sewer    | Reached skill level 5 in Fighting
  6028 | Sewer    | Offered knowledge of Flame Tongue by Vehumet.
  6160 | D:5      | Reached ** piety under Vehumet
  6160 | D:5      | Reached skill level 8 in Conjurations
  6173 | D:5      | Reached skill level 5 in Spellcasting
  6175 | D:5      | Noticed Eustachio
  6331 | D:5      | Killed Eustachio
  6624 | D:5      | Reached skill level 9 in Conjurations
  6899 | D:5      | Found Jeiraem's Distillery.
  6932 | D:5      | Offered knowledge of Throw Frost by Vehumet.
  6932 | D:5      | Reached XP level 9. HP: 68/75 MP: 9/17
  6954 | D:5      | Bought a potion of heal wounds for 75 gold pieces
  7265 | D:5      | Reached *** piety under Vehumet
  7596 | D:6      | Noticed a +0 dagger
  7597 | D:6      | Noticed a +0 hand axe
  7601 | D:6      | Found a hide-covered altar of Uskayaw.
  8054 | D:6      | Found a blossoming altar of Fedhas.
  8364 | D:6      | Found a white marble altar of Elyvilon.
  8379 | D:6      | Noticed Grinder
  8403 | D:6      | Reached skill level 10 in Conjurations
  8409 | D:6      | Offered knowledge of Inner Flame by Vehumet.
  8415 | D:6      | Learned a level 4 spell: Fulminant Prism
  8766 | D:6      | Paralysed by Grinder for 5 turns
  8785 | D:6      | Killed Grinder
  9167 | D:7      | Mangled by an orc warrior

Levels and vault maps discovered:
D:1:      scummos_arrival_hexagon, layout_loops_ring, minmay_heptomino_h4
D:2:      layout_loops_ring, lemuel_round_altar, lemuel_blue_sif_altar
D:3:      layout_loops_ring
D:4:      layout_rooms, minmay_temple_entry_grid, first_ration,
          chequers_serial_rivers_micro_b, eino_tiny_chamber,
          cheibrodos_ashenzari_chains, uniq_menkaure, uniq_pikel
D:5:      layout_basic, serial_glass, glass_columns_c, glass_columns_c,
          glass_columns_a, glass_columns_c, glass_columns_a, glass_columns_b,
          glass_columns_c, glass_columns_b, serial_shops, shop_coins,
          lightli_sewer_entry_pipes, minmay_quadrilaterals, uniq_eustachio
D:6:      layout_loops_ring, old_standard_altar, elyvilon_altar_1,
          dancing_weapons_uskayaw, uniq_grinder
D:7:      layout_basic

Skill      XL: |  1  2  3  4  5  6  7  8  9 |
---------------+----------------------------+-----
Fighting       | 1 2 4 6 7 |  7.4
Conjurations   | 5 7 9 10 | 10.0
Spellcasting   | 3 4 5 6 |  6.6
Ice Magic      | 1 2 |  2.0
Dodging        | 2 |  2.2
Stealth        | |  1.7

Action                   |  1- 3 |  4- 6 |  7- 9 || total
-------------------------+-------+-------+-------++-------
Melee: Dagger            |    10 |       |       ||    10
 Fire: Hunting sling     |    37 |    40 |    26 ||   103
 Cast: Magic Dart        |    68 |    57 |   254 ||   379
       Searing Ray       |     2 |    20 |    36 ||    58
       Freeze            |       |     2 |       ||     2
       Fulminant Prism   |       |       |     3 ||     3
  Use: Scroll            |     1 |       |    10 ||    11
  Eat: Chunk             |     4 |     4 |    14 ||    22
       Ration            |       |     1 |     1 ||     2
Armor: Skin              |    15 |    17 |    56 ||    88
Dodge: Dodged            |    37 |    55 |   113 ||   205

Table legend:
 A = Non-vault XP
 B = Vault XP
 C = Vault XP percentage of total XP
 D = Non-vault monster count
 E = Vault monster count
 F = Vault count percentage of total count
                 A         B        C        D         E       F
            +---------+---------+-------+---------+---------+-------
      Total |    2919 |    1730 |  37.2 |     140 |      45 |  24.3
            +---------+---------+-------+---------+---------+-------
        D:1 |      28 |       5 |  15.2 |      16 |       3 |  15.8
        D:2 |      60 |       0 |   0.0 |      28 |       0 |   0.0
        D:3 |     181 |     629 |  77.7 |      25 |       1 |   3.8
        D:4 |     328 |     169 |  34.0 |       9 |       1 |  10.0
        D:5 |    1048 |     322 |  23.5 |      36 |      11 |  23.4
        D:6 |     967 |     281 |  22.5 |      20 |       1 |   4.8
        D:7 |     307 |       0 |   0.0 |       6 |       0 |   0.0
      Sewer |       0 |     324 | 100.0 |       0 |      28 | 100.0
            +---------+---------+-------+---------+---------+-------
